 Dungeon Crawl Stone Soup version 0.23-a0-29-g1be82e5 (webtiles) character file.

43 Amnesiac the Digger (level 3, -6/24 HPs)
             Began as a Mummy Earth Elementalist on Aug 3, 2018.
             Mangled by a slave (7 damage)
             ... led by Pikel
             ... on level 4 of the Dungeon.
             The game lasted 00:01:08 (454 turns).

Amnesiac the Digger (Mummy Earth Elementalist)       Turns: 454, Time: 00:01:10

Health: -6/24      AC:  2    Str: 11    XL:     3   Next: 37%
Magic:  0/7        EV: 12    Int: 15    God:
Gold:   0          SH:  0    Dex: 12    Spells: 5/8 levels left

rFire    x . .     SeeInvis .   e - +0 long sword
rCold    + . .     Gourm    .   (no shield)
rNeg     + + +     Faith    .   c - +0 robe
rPois    ∞         Spirit   .   (no helmet)
rElec    .         Reflect  .   (no cloak)
rCorr    .         Harm     .   (no gloves)
MR       .....                  (no boots)
Stlth    ++........             (no amulet)
HPRegen  0.08/turn              (no ring)
MPRegen  0.10/turn              (no ring)

@: no status effects
A: no food or potions, fire vulnerability, cold resistance 1, negative energy
resistance 3, torment resistance, unbreathing
a: no special abilities


You were on level 4 of the Dungeon.
You were not hungry.

You visited 1 branch of the dungeon, and saw 4 of its levels.

Inventory:

Hand Weapons
 e - a +0 long sword (weapon)
Missiles
 b - 8 stones (quivered)
Armour
 c - a +0 robe (worn)
 d - a +0 leather armour
Scrolls
 a - a scroll of identify {!r, unknown}
 f - a scroll of blinking {!r, unknown}


   Skills:
 - Level 1.5 Dodging
 - Level 1.5 Stealth
 + Level 3.3 Spellcasting
 - Level 0.7 Transmutations
 * Level 3.4 Earth Magic


You had 5 spell levels left.
You knew the following spells:

 Your Spells              Type           Power        Failure   Level  Hunger
a - Sandblast             Erth           ##....       4%          1    N/A
b - Passwall              Tmut/Erth      #.......     13%         2    N/A

Your spell library contained the following spells:

 Spells                   Type           Power        Failure   Level  Hunger
 Stone Arrow              Conj/Erth      #.....       28%         3    N/A
 Lee's Rapid Deconstruct  Erth           ##........   78%         5    N/A
 Petrify                  Tmut/Erth      #.......     63%         4    N/A

Dungeon Overview and Level Annotations

Branches:
Dungeon (4/15)
 Temple: D:4-7

Altars:


Innate Abilities, Weirdness & Mutations

You do not eat or drink.
Your flesh is vulnerable to fire.
You are immune to poison.
Your flesh is cold resistant. (rC+)
You are immune to negative energy. (rN+++)
You are immune to unholy pain and torment.
You can survive without breathing.


Message History

The slave is moderately wounded.
b - 11 stones The slave closely misses you.
Casting: Sandblast (safe; 4% risk of failure)
Confirm with . or Enter, or press ? or * to list all spells.
Aiming: Sandblast (safe; 4% risk of failure)
Press: ? - help, Shift-Dir - straight line, f/p - slave
Aim: a slave, wearing an animal skin (moderately wounded)
The blast of sand hits the slave.
The slave is moderately wounded.
b - 10 stones The slave misses you.
Casting: Sandblast (safe; 4% risk of failure)
Confirm with . or Enter, or press ? or * to list all spells.
You don't have enough magic to cast that spell.
Casting: Sandblast (safe; 4% risk of failure)
Confirm with . or Enter, or press ? or * to list all spells.
You don't have enough magic to cast that spell.
Casting: Sandblast (safe; 4% risk of failure)
Confirm with . or Enter, or press ? or * to list all spells.
You don't have enough magic to cast that spell.
You hit the slave.
The slave is heavily wounded.
The slave closely misses you.
Casting: Sandblast (safe; 4% risk of failure)
Confirm with . or Enter, or press ? or * to list all spells.
Aiming: Sandblast (safe; 4% risk of failure)
Press: ? - help, Shift-Dir - straight line, f/p - slave
Aim: a slave, wearing an animal skin (heavily wounded)
The blast of sand hits the slave.
The slave is severely wounded.
b - 9 stones The slave completely misses you.
You hit the slave but do no damage.
The slave is severely wounded.
The slave hits you. x2
Casting: Sandblast (safe; 4% risk of failure)
Confirm with . or Enter, or press ? or * to list all spells.
You don't have enough magic to cast that spell.
You see here 24 sling bullets.
Casting: Sandblast (safe; 4% risk of failure)
Confirm with . or Enter, or press ? or * to list all spells.
You don't have enough magic to cast that spell.
You hit the slave but do no damage.
The slave is severely wounded.
The slave hits you.
* * * LOW HITPOINT WARNING * * *
Casting: Sandblast (safe; 4% risk of failure)
Confirm with . or Enter, or press ? or * to list all spells.
You don't have enough magic to cast that spell.
You barely miss the slave.
The slave is severely wounded.
The slave hits you but does no damage. The slave hits you!
* * * LOW HITPOINT WARNING * * *
Casting: Sandblast (safe; 4% risk of failure)
Confirm with . or Enter, or press ? or * to list all spells.
Aiming: Sandblast (safe; 4% risk of failure)
Press: ? - help, Shift-Dir - straight line, f/p - slave
Aim: a slave, wearing an animal skin (heavily wounded)
The blast of sand hits the slave.
The slave is heavily wounded.
b - 8 stones The slave hits you!
You die...

#.# ####...## #.#
#.......# #.# #.###.#.#
#.# #.###.#.###
####.#### #.##.......
#.%.....#####..#.....##
#.##.##.#...#........#
#.##.##.#.8...8...8..#
#.##..@p..(.#...#....#
#.#####.##.###.###...#
#.# #.#...#...#...##
#.#####.#.8...8...8.#
#.......#...#...#...#
##########.###.###.##
#...#)..#...#
#.8...8...8.###
#...#...#.....#


You could see a slave.

Vanquished Creatures
  3 gnolls (D:4)
  5 orcs (D:4)
  A bat (D:2)
  A hobgoblin (D:1)
10 creatures vanquished.

Notes
Turn   | Place    | Note
-------+----------+-------------------------------------------
     0 | D:1      | Amnesiac the Mummy Earth Elementalist began the quest for the Orb.
     0 | D:1      | Reached XP level 1. HP: 13/13 MP: 4/4
   108 | D:4      | Reached XP level 2. HP: 12/19 MP: 1/5
   162 | D:4      | Learned a level 2 spell: Passwall
   291 | D:4      | Reached XP level 3. HP: 24/24 MP: 2/7
   420 | D:4      | Noticed a slave
   420 | D:4      | Noticed a slave
   423 | D:4      | Noticed a slave
   451 | D:4      | HP: 1/24 [slave[Pikel] (9)]
   454 | D:4      | Mangled by a slave

Vault maps used:
D:1:      scummos_arrival_simple_crosswalls, minmay_split_cup_large
D:2:      uniq_crazy_yiuf_cottage, uniq_terence
D:3:      first_ration, kennysheep_generic_room_10, uniq_robin
D:4:      minmay_misc_feat_four_crosses, uniq_natasha, uniq_duvessa, uniq_pikel

Skill      XL: |  1  2 |
---------------+-------+-----
Earth Magic    | 3 |  3.4
Spellcasting   | 3 |  3.3
Dodging        | |  1.5
Stealth        | |  1.5
Transmutations | |  0.7

Action                   || total
-------------------------++-------
Melee: Long sword        ||    12
       Unarmed           ||     1
 Cast: Sandblast         ||    22
Armor: Robe              ||     2
Dodge: Dodged            ||    12
       Rpst.: Long sword ||     1

Table legend:
 A = Spawn XP
 B = Non-spawn XP
 C = Spawn XP percentage of total XP
 D = Spawn monster count
 E = Non-spawn monster count
 F = Spawn count percentage of total count
 G = Total turns spent on level
                    A         B        C        D         E        F      G
               +---------+---------+-------+---------+---------+-------+---------
         Total |       0 |      62 |   0.0 |       0 |      10 |   0.0 |   454
               +---------+---------+-------+---------+---------+-------+---------
           D:1 |       0 |       2 |   0.0 |       0 |       1 |   0.0 |    15
           D:2 |       0 |       2 |   0.0 |       0 |       1 |   0.0 |    45
           D:4 |       0 |      58 |   0.0 |       0 |       8 |   0.0 |   365
               +---------+---------+-------+---------+---------+-------+---------
